 Dungeon Crawl Stone Soup version 0.27-a0-1456-gf5a116941d (webtiles) character file.

Game seed: 3124095973172754021

232 wesbby the Covered (level 5, -1/46 HPs)
             Began as a Minotaur Fighter on July 6, 2021.
             Was an Initiate of Hepliaklqana.
             Killed by divine providence
             ... invoked by an orc priest
              (15 damage)
             ... on level 4 of the Dungeon.
             The game lasted 00:04:24 (2822 turns).

wesbby the Covered (Minotaur Fighter)               Turns: 2822, Time: 00:04:24

Health: -1/46      AC: 11    Str: 21    XL:     5   Next: 73%
Magic:  4/4        EV: 11    Int:  5    God:    Hepliaklqana [......]
Gold:   106        SH:  9    Dex: 10    Spells: 4/4 levels left

rFire    . . .     SeeInvis .   a - +0 trident
rCold    . . .     Faith    .   c - +0 kite shield
rNeg     . . .     Spirit   .   b - +0 scale mail
rPois    .         Reflect  .   (helmet restricted)
rElec    .         Harm     .   (no cloak)
rCorr    .         Rampage  .   (no gloves)
Will     .....                  (no boots)
Stlth    ..........             o - amulet of regeneration
HPRegen  1.15/turn              l - +4 ring of protection
MPRegen  0.09/turn              e - +4 ring of evasion

@: no status effects
A: horns 2, retaliatory headbutt
a: Renounce Religion


You were on level 4 of the Dungeon.
You worshipped Hepliaklqana.
Hepliaklqana was noncommittal.
You visited 1 branch of the dungeon, and saw 4 of its levels.

You collected 106 gold pieces.

Inventory:

Hand Weapons
 a - a +0 trident (weapon)
Missiles
 s - 6 atropa-tipped darts (quivered)
Armour
 b - a +0 scale mail (worn)
 c - a +0 kite shield (worn)
Jewellery
 e - a +4 ring of evasion (right hand)
 l - a +4 ring of protection (left hand)
 m - a ring of ice
 o - an amulet of regeneration (around neck)
Scrolls
 d - a scroll of fog {unknown}
 f - 3 scrolls of teleportation {unknown}
 g - 3 scrolls of noise {unknown}
 h - a scroll of acquirement {unknown}
 i - a scroll of magic mapping {unknown}
 j - a scroll of immolation {unknown}
 q - a scroll of summoning {unknown}
Potions
 k - a potion of berserk rage {unknown}
 n - 3 potions of curing {unknown}
 p - a potion of flight {unknown}
 r - a potion of degeneration {unknown}


   Skills:
 * Level 4.1 Fighting
 * Level 5.1 Polearms
 * Level 5.3 Armour
 - Level 0.3 Dodging
 + Level 0.2 Stealth
 * Level 4.4 Shields


You had 4 spell levels left.
You didn't know any spells.
Your spell library was empty.

Dungeon Overview and Level Annotations

Branches:
Dungeon (4/15)
 Temple: D:4-7

Altars:
Hepliaklqana


Innate Abilities, Weirdness & Mutations

You have a pair of horns on your head.
You reflexively headbutt those who attack you in melee.


Message History

The orc wizard hits you with a +0 dagger.
The orc wizard points at you and mumbles some strange words.
You are confused.
You bump into the rock wall.
The orc wizard gestures at you while chanting.
You are more confused.
You hear a shout!
You bump into the rock wall.
The orc priest invokes the aid of Beogh against you.
Beogh smites you!
The orc wizard gestures at you while chanting.
The magic dart hits you but does no damage.
You're too confused to move!
The orc wizard misses you.
You bump into the rock wall.
The orc wizard casts a spell.
The orc wizard flickers and vanishes!
Deactivating autopickup; reactivate with Ctrl-A.
You closely miss something. Something hits you.
You bump into the rock wall.
The orc priest invokes the aid of Beogh against you.
Beogh smites you! Something hits you.
You closely miss something. Something hits you but does no damage.
You bump into the rock wall.
Something hits you but does no damage.
You miss something.
The orc priest looks braver for a moment.
Something hits you.
You closely miss something.
You feel less confused. Something hits you.
The orc priest mumbles some strange prayers to Beogh against you.
Beogh smites you!
* * * LOW HITPOINT WARNING * * *
Something hits you but does no damage.
Okay, then.
You closely miss something. Your headbutt misses something.
Something hits you but does no damage.
You closely miss something.
The orc priest calls down the wrath of Beogh upon you.
Beogh smites you!
You die...

#...## ##..#
#..###<...##.##..#
............#.##..##$##.#
###.##........##........#
#.........####.###.....
...####..(.....oo.oo....
## ##.######o###..... ###
#{# ### #@# #.# #.# #..
###


You could see an orc priest and 2 orcs.

Vanquished Creatures
  3 orc priests (D:3)
  5 adders
  2 worms (D:2)
  11 orcs (D:3)
  6 ball pythons
  7 bats
  6 endoplasms
  2 giant cockroaches (D:1)
  11 goblins
  6 hobgoblins
  2 quokkas
  3 frilled lizards
  10 kobolds
  6 rats
80 creatures vanquished.

Notes
Turn   | Place    | Note
-------+----------+-------------------------------------------
     0 | D:1      | wesbby the Minotaur Fighter began the quest for the Orb.
     0 | D:1      | Reached XP level 1. HP: 19/19 MP: 0/0
   264 | D:1      | Reached XP level 2. HP: 27/27 MP: 1/1
   641 | D:1      | Found a faded altar of an unknown god.
   764 | D:1      | Reached XP level 3. HP: 29/33 MP: 2/2
  1307 | D:2      | Reached XP level 4. HP: 24/40 MP: 3/3
  1561 | D:2      | Found a hazy altar of Hepliaklqana.
  2166 | D:2      | Became a worshipper of Hepliaklqana the Forgotten
  2227 | D:3      | Reached skill level 5 in Armour
  2366 | D:3      | Reached XP level 5. HP: 39/46 MP: 4/4
  2442 | D:3      | HP: 2/46 [orc priest/divine providence (12)]
  2444 | D:3      | Reached skill level 5 in Polearms
  2822 | D:4      | Killed from afar by an orc priest

Illustrated notes

Levels and vault maps discovered:
D:1:      lightli_molten_gateway, layout_basic, ebering_ecumenical_altar_rust
D:2:      layout_basic, basic_altar, minmay_fractal_squares_gapless_5
D:3:      layout_basic, columned_hall_lemuel
D:4:      minmay_skewed_foursquare, layout_loops_ring, ebering_ghost_sewer_d

Skill      XL: |  1  2  3  4  5 |
---------------+----------------+-----
Armour         | 4 5 |  5.3
Shields        | 4 |  4.4
Polearms       | 3 4 5 |  5.1
Fighting       | 4 |  4.1
Dodging        | |  0.3
Stealth        | |  0.2

Action                   |  1- 3 |  4- 6 || total
-------------------------+-------+-------++-------
Melee: Trident           |    97 |    92 ||   189
       Headbutt          |    14 |     8 ||    22
  Use: Potion            |       |     1 ||     1
 Stab: Distracted        |       |     1 ||     1
Armor: Scale mail        |    45 |    26 ||    71
Dodge: Dodged            |    34 |    35 ||    69
Block: Kite shield       |    51 |    27 ||    78

Table legend: (Time is in decaauts)
 A = Elapsed time spent in this place.
 B = Non-inter-level travel time spent in this place.
 C = Inter-level travel time spent in this place.
 D = Time resting spent in this place.
 E = Time spent auto-exploring this place.
 F = Levels seen in this place.
 G = Mean time per level.
                   A        B        C        D        E       F      G
               +--------+--------+--------+--------+--------+-----+--------+
         Total |   2884 |   2639 |    245 |     22 |   2146 |   4 |  721.0 |
       Dungeon |   2884 |   2639 |    245 |     22 |   2146 |   4 |  721.0 |
               +--------+--------+--------+--------+--------+-----+--------+

Top non-repeatable levels by time:
     D:2: 1148 daAuts
     D:1: 1071 daAuts
     D:3: 629 daAuts
     D:4: 35 daAuts
